 Dungeon Crawl Stone Soup version 0.31-a0-75-g6fe912e8c5 (webtiles) character file.

Game seed: 6725446581788946494

2161 greasedhog the Fighter (level 9, -1/100 HPs)
             Began as an Ogre Fighter on May 23, 2023.
             Was a Believer of Okawaru.
             Slain by a killer bee (3 damage)
             ... on level 7 of the Dungeon.
             The game lasted 00:09:12 (8226 turns).

greasedhog the Fighter (Ogre Fighter)               Turns: 8226, Time: 00:09:13

Health: -1/100     AC:  4    Str: 38    XL:     9   Next: 32%
Magic:  12/12      EV: 10    Int:  9    God:    Okawaru [**....]
Gold:   291        SH:  0    Dex:  8    Spells: 8/8 levels left

rFire   . . .        a - +0 giant club
rCold   . . .        (shield currently unavailable)
rNeg    . . .        b - +0 robe
rPois   .            (helmet restricted)
rElec   .            w - +0 cloak
rCorr   .            (gloves unavailable)
SInv    .            (boots unavailable)
Will    .....        (no amulet)
Stlth   +            s - +6 ring of strength
HPRegen 0.36/turn    v - +6 ring of strength
MPRegen 0.13/turn

%: no passive effects
@: mighty, lethally poisoned (-1 -> -3)
A: large, unfitting armour, tough skin 1
a: Renounce Religion, Heroism


You were on level 7 of the Dungeon.
You worshipped Okawaru.
Okawaru was pleased with you.
You visited 2 branches of the dungeon, and saw 8 of its levels.

You collected 330 gold pieces.
You spent 39 gold pieces at shops.

Inventory:

Hand Weapons
 a - a +0 giant club (weapon)
 r - the +11 whip of Megalomania {holy, rC+ rN+}
   (You took it off an orc on level 3 of the Dungeon)

   rC:        It protects you from cold.
   rN:        It protects you from negative energy.
Missiles
 t - 8 poisoned darts (quivered)
 u - 2 boomerangs
Armour
 b - a +0 robe (worn)
 w - a +0 cloak (worn)
Jewellery
 s - a +6 ring of strength (left hand)
 v - a +6 ring of strength (right hand)
Scrolls
 e - a scroll of torment
 f - a scroll of blinking
 i - a scroll of magic mapping {unknown}
 j - a scroll of enchant weapon {unknown}
 p - a scroll of enchant armour {unknown}
 q - a scroll of teleportation
 x - a scroll of poison {unknown}
 y - a scroll of amnesia
 z - a scroll of identify
Potions
 c - 2 potions of berserk rage {unknown}
 g - a potion of heal wounds
 h - 3 potions of haste {unknown}
 k - a potion of degeneration {unknown}
 l - 2 potions of mutation {unknown}
 m - 4 potions of curing
 n - a potion of brilliance {unknown}
 o - a potion of invisibility {unknown}


   Skills:
 + Level 9.5 Fighting
 * Level 8.7 Maces & Flails
 - Level 2.6 Dodging
 - Level 3.0 Shields
 + Level 4.2 Invocations


You had 8 spell levels left.
You didn't know any spells.
Your spell library contained the following spells:

 Spells                   Type           Power      Damage    Failure   Level
 Ensorcelled Hibernation  Hex/Ice        0%         N/A       52%         2
 Passwall                 Tmut/Erth      0%         N/A       52%         2
 Spider Form              Tmut/Pois      0%         N/A       77%         3
 Swiftness                Air            0%         N/A       77%         3
 Anguish                  Hex/Necr       0%         N/A       99%         4
 Borgnjor's Revivificati  Necr           0%         N/A       100%        8
 Necromutation            Tmut/Necr      0%         N/A       100%        8
 Death's Door             Necr           0%         N/A       100%        9


Dungeon Overview and Level Annotations

Branches:
Dungeon (7/15)             Temple (1/1) D:5

Altars:
Ashenzari
Cheibriados
Dithmenos
Fedhas
Gozag
Hepliaklqana
Kikubaaqudgha
Makhleb
Nemelex Xobeh
Okawaru
Ru
Sif Muna
Vehumet
Wu Jian
Yredelemnul
Zin
The Shining One

Shops:
D:3 [*:   D:5 (

Annotations:
D:6 3 runed translucent doors, jasper's ghost, novice DsAE


Innate Abilities, Weirdness & Mutations

You are too large for most types of armour.
You have tough skin. (AC +1)


Message History

You feel much better.
You feel sick. The killer bee barely misses you.
The killer bee closely misses you.
You miss the killer bee.
You feel sick.
The killer bee stings you but does no damage.
The killer bee stings you.
* * * LOW HITPOINT WARNING * * *
You sock the killer bee!
The killer bee is heavily wounded.
You feel sick. The killer bee stings you.
* * * LOW HITPOINT WARNING * * *
You are more poisoned.
The killer bee poisons you! The killer bee barely misses you.
The killer bee closely misses you.
You pound the killer bee like an anvil!!!
You kill the killer bee!
Okawaru accepts your kill.
You feel very sick. The killer bee barely misses you.
You miss the killer bee.
You feel sick. The killer bee barely misses you. The killer bee stings you!
* * * LOW HITPOINT WARNING * * *
Unknown command.
You miss the killer bee.
You feel sick. The killer bee closely misses you. The killer bee stings you.
* * * LOW HITPOINT WARNING * * *
The killer bee barely misses you.
You barely miss the killer bee.
* * * LOW HITPOINT WARNING * * *
You feel sick. The killer bee barely misses you. x2
Unknown command.
You barely miss the killer bee.
* * * LOW HITPOINT WARNING * * *
You feel sick.
The killer bee stings you but does no damage.
The killer bee barely misses you.
You barely miss the killer bee.
* * * LOW HITPOINT WARNING * * *
You feel sick. The killer bee closely misses you.
The killer bee completely misses you. The killer bee stings you.
You die...

### #.. #.# #.#
#.############
#@#...........
#y#....$......
############y###.y.......
#...........y..y..y.y.#
#.##########.....####.#
#.#.. .........# #.#.#
#...#.....# #.#.#
...........#
#.#.##.#.....#.#.#


You could see 3 killer bees.

Vanquished Creatures
  Pikel (D:6)
  Duvessa (D:4)
  An ogre (D:5)
  An orc warrior (D:6)
  A lemure (D:6)
  2 bullfrogs (D:7)
  Blork the orc (D:5)
  5 scorpions
  Dowan (D:4)
  5 killer bees
  The ghost of Licon the Twirler, a weakling DgGl (D:3)
  A howler monkey (D:7)
  2 hounds
  A jelly (D:5)
  An orc priest (D:6)
  4 sleepcaps
  3 iguanas (D:5)
  An orc wizard (D:7)
  5 adders
  7 gnolls
  A shadow imp (D:6)
  A white imp (D:6)
  A worm (D:2)
  3 dart slugs
  19 orcs
  10 ball pythons
  4 bats
  15 endoplasms
  8 giant cockroaches
  2 goblins (D:4)
  7 hobgoblins
  11 jackals
  7 quokkas
  9 kobolds
  11 rats
154 creatures vanquished.

Notes
Turn   | Place    | Note
-------+----------+-------------------------------------------
     0 | D:1      | greasedhog the Ogre Fighter began the quest for the Orb.
     0 | D:1      | Reached XP level 1. HP: 24/24 MP: 1/1
     1 | D:1      | Found a runed translucent door.
   242 | D:1      | Reached XP level 2. HP: 32/32 MP: 2/2
   663 | D:1      | Reached XP level 3. HP: 23/40 MP: 3/3
  1227 | D:1      | Reached XP level 4. HP: 46/49 MP: 4/4
  1235 | D:1      | Reached skill level 5 in Fighting
  1371 | D:2      | Found a burning altar of Makhleb.
  1975 | D:3      | Found Igeil's General Store.
  1979 | D:3      | Bought a potion of curing for 39 gold pieces
  2143 | D:2      | Reached XP level 5. HP: 46/57 MP: 5/5
  2256 | D:3      | Found a runed translucent gate.
  2258 | D:3      | Noticed Licon's ghost (weakling DgGl)
  2259 | D:3      | Found a runed translucent gate.
  2259 | D:3      | Found a runed translucent gate.
  2259 | D:3      | Identified the +11 whip of Megalomania {holy, rC+ rN+}
  2259 | D:3      | Identified the +0 scale mail of Free Will {-Cast rElec
                  | Regen+ Str-5}
  2555 | D:3      | Found a faded altar of an unknown god.
  2790 | D:3      | Found a radiant altar of Vehumet.
  2790 | D:3      | Found a broken altar of Ashenzari.
  2825 | D:3      | Found Tisch's Book Boutique.
  2973 | D:3      | Found Bedisk's Armour Emporium.
  3143 | D:3      | Reached XP level 6. HP: 63/67 MP: 6/6
  3153 | D:3      | Killed Licon's ghost
  3154 | D:3      | Reached skill level 6 in Fighting
  3695 | D:4      | Found an opulent altar of Gozag.
  3806 | D:4      | Noticed Duvessa
  3807 | D:4      | Noticed Dowan
  3812 | D:4      | Killed Duvessa
  3813 | D:4      | Reached skill level 5 in Maces & Flails
  3816 | D:4      | Killed Dowan
  3817 | D:4      | Reached XP level 7. HP: 59/76 MP: 7/7
  3916 | D:4      | Found an ancient bone altar of Kikubaaqudgha.
  4140 | D:4      | Found a glowing silver altar of Zin.
  4178 | D:5      | Entered Level 5 of the Dungeon
  4322 | D:5      | Reached skill level 7 in Fighting
  4390 | D:5      | Found a staircase to the Ecumenical Temple.
  4401 | Temple   | Entered the Ecumenical Temple
  4639 | Temple   | Became a worshipper of Warmaster Okawaru
  4884 | D:5      | Noticed Blork the orc
  4897 | D:5      | Killed Blork the orc
  5083 | D:5      | Found Leth's Weapon Shop.
  5157 | D:5      | Found a shadowy altar of Dithmenos.
  5172 | D:5      | Reached * piety under Okawaru
  5173 | D:5      | Reached XP level 8. HP: 38/88 MP: 8/8
  5691 | D:6      | Noticed Pikel
  5700 | D:6      | Killed Pikel
  5700 | D:6      | Reached ** piety under Okawaru
  5701 | D:6      | Reached skill level 8 in Fighting
  5949 | D:6      | Noticed jasper's ghost (novice DsAE)
  5950 | D:6      | Found a runed translucent gate.
  5950 | D:6      | Noticed a two-headed ogre
  5952 | D:6      | Found a runed translucent gate.
  5952 | D:6      | Found a runed translucent gate.
  6061 | D:6      | Reached skill level 9 in Fighting
  6070 | D:6      | Reached XP level 9. HP: 42/98 MP: 11/11
  8210 | D:7      | HP: 5/100 [killer bee (7)]
  8223 | D:7      | HP: 3/100 [killer bee (3)]
  8226 | D:7      | Slain by a killer bee

Illustrated notes

Levels and vault maps discovered:
D:1:      dpeg_arrival_caged_fury, layout_loops_corners
D:2:      layout_rooms, basic_altar
D:3:      layout_loops_ring, gammafunk_temple_overflow_pools,
          biasface_ghost_orc_armoury,
          dreamdust_ecumenical_altar_hidden_monk_grotto, serial_shops,
          nicolae_diamond_shop, shop, shop_statue
D:4:      layout_rooms, lemuel_round_altar, lemuel_coloured_pillars_altar,
          overflow_temple_1_default, minmay_strange_pillars, uniq_duvessa
D:5:      layout_basic, grunt_dithmenos_smoke_and_mirrors,
          minmay_temple_entry_mist, serial_shops, nicolae_shop_hallway_stairs,
          uniq_blork_the_orc
D:6:      layout_gridville, gammafunk_ghost_split, uniq_pikel
D:7:      layout_basic, lemuel_round_altar, gammafunk_ghost_nasty_kobolds
Temple:   minmay_temple_curvy_loop

Skill      XL: |  1  2  3  4  5  6  7  8  9 |
---------------+----------------------------+-----
Maces & Flails | 2 3 4 5 6 8 |  8.7
Fighting       | 5 6 7 9 |  9.5
Invocations    | 3 4 |  4.2
Dodging        | |  2.6
Shields        | |  3.0

Action                     |  1- 3 |  4- 6 |  7- 9 || total
---------------------------+-------+-------+-------++-------
  Melee: Flail             |   127 |   171 |       ||   298
         Whip              |       |    33 |    36 ||    69
         Giant club        |       |       |   131 ||   131
  Throw: Dart              |       |       |     1 ||     1
 Invoke: Heroism           |       |       |     4 ||     4
    Use: Scroll            |       |     3 |     4 ||     7
         Potion            |       |       |     7 ||     7
   Stab: Sleeping          |       |     1 |       ||     1
 Armour: Robe              |    34 |    45 |    43 ||   122
  Dodge: Dodged            |    68 |    65 |   120 ||   253
  Block: Kite shield       |     2 |       |       ||     2
         Tower shield      |       |   180 |    18 ||   198

Table legend: (Time is in decaauts)
 A = Elapsed time spent in this place.
 B = Non-inter-level travel time spent in this place.
 C = Inter-level travel time spent in this place.
 D = Time resting spent in this place.
 E = Time spent auto-exploring this place.
 F = Levels seen in this place.
 G = Mean time per level.
                   A        B        C        D        E       F      G
               +--------+--------+--------+--------+--------+-----+--------+
         Total |   8374 |   8207 |    167 |   2406 |   4423 |   8 | 1046.8 |
       Dungeon |   8106 |   8009 |     97 |   2406 |   4232 |   7 | 1158.0 |
        Temple |    267 |    197 |     70 |      0 |    191 |   1 |  267.0 |
               +--------+--------+--------+--------+--------+-----+--------+

Top non-repeatable levels by time:
     D:6: 1794 daAuts
     D:5: 1596 daAuts
     D:1: 1298 daAuts
     D:3: 1242 daAuts
     D:2: 1141 daAuts
     D:4: 731 daAuts
     D:7: 302 daAuts
  Temple: 267 daAuts
